Map: Disco Bloodbath LE

Players

pHARM

  • Race: Zerg Zerg
  • League: Platinum
  • Spawn Location: 3:00

Saskuk - Winner!

  • Race: Protoss Protoss
  • League: Platinum
  • Spawn Location: 9:00

VOD

Have the link to the VOD?

Description

Time

  • Played on: Aug. 31, 2019, 12:17 a.m.
  • Length: 16:00
Show
View Real Time Build Order
Export as new Build Order

pHARM Zerg 

Build Orders: Hatch First, Roach Hydra 

Get SALT Encoding   

  12  0:01  Drone  
  13  0:15  Overlord  
  13  0:23  Drone  
  14  0:34  Drone  
  14  0:35  Drone  
  16  0:54  Hatchery  
  15  1:01  Drone x3  
  18  1:17  Spawning Pool  
  17  1:19  Drone  
  19  1:32  Drone  
  19  1:37  Drone  
  20  1:45  Overlord  
  20  1:55  Extractor  
  20  1:57  Drone  
  20  2:04  Queen  
  20  2:06  Queen  
  25  2:08  Drone x2  
  26  2:29  Drone  
  30  2:30  Drone x3  
  30  2:39  Drone x2  
  32  2:55  Drone  
  32  2:56  Drone  
  32  2:57  Queen  
  36  3:00  Overlord  
  36  3:03  Hatchery  
  35  3:15  Pneumatized Carapace  
  35  3:18  Drone x6  
  41  3:28  Overlord  
  41  3:29  Drone  
  41  3:30  Drone x2  
  44  3:42  Drone, Extractor  
  44  3:43  Drone, Extractor  
  44  3:46  Drone  
  45  4:06  Lair  
  45  4:07  Overlord x2  
  45  4:08  Drone  
  45  4:09  Drone x4  
  50  4:32  Overlord x2  
  50  5:05  Roach Warren  
  50  5:06  Evolution Chamber  
  48  5:09  Hydralisk Den  
  48  5:10  Drone x3  
  48  5:12  Overlord x2  
  50  5:22  Overlord x2  
  50  5:23  Drone x9  
  59  5:33  Zerg Missile Weapons Level 1  
  59  5:38  Grooved Spines  
  59  6:03  Roach x11  
  81  6:08  Glial Reconstitution  
  81  6:34  Roach x4  
  81  6:35  Roach x4  
  81  6:36  Overlord x2  
  81  6:37  Overlord  
  97  6:40  Extractor  
  97  6:43  Hydralisk  
  98  6:50  Muscular Augments  
  98  6:52  Overlord x2  
  98  7:06  Hydralisk x6  
  98  7:07  Hydralisk x2  
  114  7:14  Extractor, Hydralisk  
  114  7:15  Hydralisk  
  117  7:16  Extractor  
  117  7:17  Hydralisk  
  100  7:31  Hydralisk  
  100  7:32  Hydralisk x2  
  104  7:41  Hydralisk x2  
  100  7:49  Hydralisk x2  
  83  8:02  Hatchery  
  76  8:14  Drone  
  76  8:15  Drone x5  
  82  8:20  Drone x5  
  87  8:30  Zerg Ground Armor Level 1  
  87  8:32  Infestation Pit  
  86  8:43  Hatchery  
  83  8:56  Roach  
  83  8:57  Roach x8  
  84  9:28  Drone  
  84  9:29  Drone x9  
  92  9:33  Queen  
  94  10:06  Hive  
  94  10:14  Roach  
  94  10:15  Roach x7, Hydralisk  
  94  10:16  Hydralisk x8  
  128  10:22  Overlord x2  
  128  10:34  Overlord x5  
  128  10:36  Zerg Missile Weapons Level 2  
  128  10:40  Queen  
  128  10:42  Extractor  
  129  11:13  Drone x4  
  129  11:14  Evolution Chamber, Drone x2  
  134  11:22  Ultralisk Cavern  
  133  11:39  Hydralisk  
  133  11:40  Hydralisk x14  
  163  11:47  Drone  
  164  12:01  Overlord x3  
  164  12:03  Zerg Melee Weapons Level 1  
  164  12:17  Ultralisk x2  
  164  12:21  Chitinous Plating  
  176  12:34  Spire  
  176  12:36  Drone x5  
  180  12:51  Drone x8  
  182  12:52  Drone  
  189  13:30  Zerg Ground Armor Level 2  
  189  13:36  Overlord x2  
  189  13:45  Overlord x2  
  189  13:48  Roach  
  191  13:50  Overlord x2  
  149  14:14  Roach x15  
  149  14:15  Roach x2  
  111  14:31  Ultralisk x4  
  115  14:48  Ultralisk x3  
  111  14:54  Roach x5  
  115  15:05  Roach x4  
  110  15:23  Roach  
  110  15:24  Roach x7  
  114  15:39  Roach  
  114  15:40  Roach x3  
Show
View Real Time Build Order
Export as new Build Order

Saskuk Protoss - Winner!

Build Orders: 1 Gate Expand 

Get SALT Encoding   

  12  0:01  Probe  
  13  0:13  Probe  
  14  0:20  Pylon  
  14  0:25  Probe  
  15  0:34  Probe  
  16  0:43  Probe  
  16  0:46  Gateway  
  17  0:55  Probe  
  18  1:07  Probe  
  19  1:20  Nexus  
  19  1:26  Assimilator  
  19  1:38  Cybernetics Core  
  19  1:42  Probe  
  20  1:47  Pylon  
  20  1:56  Probe  
  21  2:02  Assimilator  
  21  2:10  Probe, Stalker  
  21  2:12  Gateway  
  22  2:18  Probe  
  25  2:27  Probe  
  25  2:32  Probe  
  27  2:39  Assimilator  
  27  2:40  Probe  
  27  2:42  Adept  
  30  2:46  Probe  
  31  2:52  Probe  
  31  2:56  Robotics Facility  
  32  2:58  Probe  
  32  3:04  Probe  
  34  3:08  Sentry  
  34  3:12  Probe  
  37  3:22  Shield Battery  
  37  3:28  Probe, Sentry  
  37  3:32  Probe  
  41  3:37  Twilight Council  
  41  3:39  Warp Gate  
  41  3:40  Probe  
  42  3:42  Pylon  
  42  3:44  Probe  
  42  3:45  Sentry  
  45  3:52  Probe  
  46  3:59  Gateway  
  46  4:00  Probe  
  47  4:03  Pylon  
  47  4:07  Immortal  
  51  4:35  Sentry, Adept  
  51  4:37  Resonating Glaives, Probe  
  56  4:39  Immortal  
  56  4:44  Pylon  
  60  4:57  Stalker  
  60  4:58  Stalker  
  64  5:16  Adept  
  64  5:17  Probe  
  64  5:18  Warp Prism, Probe  
  70  5:23  Gateway x2  
  70  5:26  Pylon  
  70  5:30  Pylon  
  70  5:35  Pylon  
  70  5:44  Adept x2  
  74  6:15  Adept  
  76  6:36  Stalker  
  76  6:37  Stalker x2  
  82  6:53  Gateway  
  82  6:55  Gateway  
  82  6:57  Gateway  
  82  6:58  Nexus  
  82  6:59  Pylon  
  82  7:00  Pylon  
  82  7:01  Pylon, Nexus  
  82  7:04  Pylon  
  82  7:09  Adept  
  82  7:10  Adept x4  
  78  7:44  Adept x2  
  78  7:45  Adept x3  
  64  8:02  Zealot x2  
  64  8:03  Adept  
  56  8:09  Probe x2  
  56  8:10  Immortal  
  56  8:11  Adept x3  
  56  8:12  Adept x3  
  52  8:13  Adept  
  60  8:21  Probe  
  60  8:41  Stalker  
  60  8:42  Stalker x5  
  60  8:44  Immortal, Adept x2  
  76  9:24  Adept x3  
  76  9:25  Adept x5  
  76  9:31  Probe x2  
  84  9:35  Immortal  
  84  9:39  Charge  
  84  9:43  Probe  
  84  9:45  Nexus  
  89  9:46  Pylon  
  89  9:49  Pylon  
  89  9:54  Adept  
  89  9:59  Sentry x3  
  97  10:07  Shield Battery  
  97  10:08  Shield Battery  
  97  10:19  Assimilator  
  97  10:21  Pylon  
  97  10:22  Adept  
  97  10:23  Adept  
  101  10:28  Templar Archives  
  101  10:35  Probe x2  
  103  10:42  Zealot x2  
  108  10:50  Observer  
  108  11:01  Immortal  
  108  11:03  Zealot x2  
  116  11:19  Probe x3  
  119  11:27  Forge  
  119  11:31  Probe x3  
  122  11:34  Assimilator  
  122  11:39  Warp Prism  
  122  11:40  Zealot  
  122  11:41  Zealot x3  
  132  11:50  Protoss Ground Weapons Level 1  
  132  11:54  Zealot  
  132  11:55  Zealot x3  
  140  12:02  High Templar x2  
  140  12:03  High Templar x2  
  140  12:06  Archon  
  140  12:07  Archon  
  149  12:08  Probe x2  
  149  12:09  Probe  
  151  12:16  High Templar x2  
  151  12:21  Archon  
  155  12:27  High Templar  
  155  12:28  Psionic Storm  
  157  12:31  Pylon  
  157  12:38  Pylon  
  157  12:51  Pylon  
  157  12:57  Assimilator  
  157  13:05  High Templar  
  159  13:06  High Templar  
  159  13:07  High Templar  
  159  13:08  Nexus  
  159  13:10  Pylon  
  159  13:12  Pylon  
  163  13:18  Zealot x5  
  173  13:21  Immortal  
  173  13:26  Colossus  
  177  13:45  Zealot x2  
  177  13:46  Zealot  
  177  13:47  Photon Cannon, Zealot x5  
  193  13:48  Photon Cannon  
  193  13:49  Photon Cannon  
  141  14:20  Archon  
  125  14:28  Zealot x4  
  125  14:29  Zealot x4  
  131  14:50  Zealot  
  131  14:51  Zealot x7  
  141  15:04  Probe  
  141  15:05  Probe x2  
  144  15:07  Shield Battery  
  144  15:08  Shield Battery  
  144  15:12  Photon Cannon  
  142  15:15  Photon Cannon  
  142  15:16  Zealot x4  
  142  15:17  Photon Cannon, Zealot  
  142  15:18  Photon Cannon, Zealot  
  142  15:21  Assimilator  
  152  15:26  Assimilator  
  110  15:43  Stalker  
  110  15:44  Stalker x4  
Tags
 
Add a new tag
Caveats
  • Supply blocks, unpowered buildings, or Contaminate may cause inaccurate times.
  • Supply counts are checked every 10 seconds.